 Dungeon Crawl Stone Soup version 0.32-a0-909-gc671339a80 (webtiles) character file.

Game seed: 4800340374055277283

1544 Heh the Toxicologist (level 8, -1/67 HPs)
             Began as a Coglin Alchemist on Apr 7, 2024.
             Slain by a black bear (4 damage)
             ... on level 5 of the Dungeon.
             The game lasted 00:14:02 (5269 turns).

Heh the Toxicologist (Coglin Alchemist)             Turns: 5269, Time: 00:14:03

Health: -1/67      AC:  3    Str:  8    XL:     8   Next: 87%
Magic:  6/14       EV: 11    Int: 17    God:
Gold:   153        SH:  0    Dex: 15    Spells: 1/15 levels left

rFire   + . .        w - +2 dagger (venom) {Mizue}
rCold   + . .        p - +1 hand axe of the Unseen Realm {freeze, ^Drain rF+ rC+}
rNeg    . . .        a - +0 robe
rPois   .            o - +0 helmet
rElec   .            (no cloak)
rCorr   .            (no gloves)
SInv    .            (no boots)
Will    .....        (amulet unavailable)
Stlth   ++           (ring unavailable)
HPRegen 0.31/turn    (ring unavailable)
MPRegen 0.14/turn    (no gizmo)

%: no passive effects
@: revving
A: off-hand wielding, slow wielding, warmup strikes, no jewellery
a: Invent Gizmo


You were on level 5 of the Dungeon.
You visited 1 branch of the dungeon, and saw 5 of its levels.

You collected 153 gold pieces.

Inventory:

Hand Weapons
 d - a +0 short sword {Vikramjeet}
 e - a +0 dagger {Constanze}
 m - a +2 whip of flaming
 p - the +1 hand axe of the Unseen Realm (offhand) {freeze, ^Drain rF+ rC+}
   (You found it on level 3 of the Dungeon)

   rF+:       It protects you from fire.
   rC+:       It protects you from cold.
   ^Drain:    It drains your maximum health when unequipped.
 w - a +2 dagger of venom (weapon) {Mizue}
 y - a +1 trident of freezing
Armour
 a - a +0 robe (worn)
 n - +0 fire dragon scales
 o - a +0 helmet (worn)
Wands
 v - a wand of roots (13)
Scrolls
 c - 2 scrolls of amnesia {unknown}
 f - 4 scrolls of identify {unknown}
 g - a scroll of fear {unknown}
 h - a scroll of enchant armour {unknown}
 i - a scroll of poison {unknown}
 l - 2 scrolls of teleportation
 q - a scroll of enchant weapon {unknown}
 r - a scroll of revelation {unknown}
 s - a scroll of fog {unknown}
Potions
 b - a potion of magic
 j - a potion of heal wounds {unknown}
 k - a potion of enlightenment {unknown}
 t - a potion of degeneration {unknown}
 u - a potion of mutation {unknown}
 x - a potion of lignification
 A - a potion of cancellation {unknown}


   Skills:
 + Level 7.2 Fighting
 - Level 1.7 Dodging
 - Level 1.5 Stealth
 - Level 4.0 Spellcasting
 - Level 0.8 Conjurations
 - Level 8.0 Alchemy


You had one spell level left.
You knew the following spells:

 Your Spells              Type           Power      Damage    Failure   Level
a - Sting                 Conj/Alch      72%        1d7       2%          1
b - Mephitic Cloud        Conj/Alch/Air  13%        N/A       14%         3
c - Olgreb's Toxic Radia  Alch           30%        N/A       6%          4
d - Blink                 Tloc           6%         N/A       24%         2
e - Sticky Flame          Fire/Alch      17%        2d5       30%         4

Your spell library contained the following spells:

 Spells                   Type           Power      Damage    Failure   Level
 Magic Dart               Conj           24%        1d4       11%         1
 Mercury Vapours          Alch/Air       34%        N/A       4%          2
 Momentum Strike          Conj/Tloc      8%         3d8       21%         2
 Call Imp                 Summ           6%         N/A       24%         2
 Lesser Beckoning         Tloc           6%         N/A       24%         2


Dungeon Overview and Level Annotations

Branches:
Dungeon (5/15)
 Temple: D:4-7

Altars:
Ashenzari
Gozag
Hepliaklqana
Ru
Uskayaw
Vehumet
Zin

Shops:
D:1 ?

Annotations:
D:3 2 transporters, sirdedalot's ghost, amateur DECj


Innate Abilities, Weirdness & Mutations

You can wield a second weapon in your off-hand.
It takes a long time for you to wield or remove held weapons.
Your first few attacks do less damage.
You cannot equip rings or amulets.


Message History

Casting: Olgreb's Toxic Radiance (dangerous; 6% risk of failure)
Confirm with . or Enter, or press ? or * to list all spells.
You begin to radiate toxic energy.
The orc looks even sicker.
The black bear looks as sick as possible!
The black bear goes berserk!
A phantom comes into view.
Unknown command.
You closely miss the black bear with the +1 hand axe of the Unseen Realm.
The black bear is severely wounded.
You barely miss something with the +1 hand axe of the Unseen Realm.
You hit the black bear with your +2 dagger of venom.
The black bear looks as sick as possible!
Your toxic aura wanes.
The black bear bites you but does no damage.
The black bear claws you. The black bear barely misses you. Something hits you.
* * * LOW HITPOINT WARNING * * *
The black bear barely misses you. x2; The black bear claws you.
* * * LOW HITPOINT WARNING * * *
You hear some strange, mumbled words.
A magic dart appears from out of thin air!
The magic dart hits you!
* * * LOW HITPOINT WARNING * * *
Something hits you.
* * * LOW HITPOINT WARNING * * *
Okay, then.
Okay, then.
Okay, then.
You feel better.
Reactivating autopickup.
You feel a bit more experienced. The black bear closely misses you.
The black bear claws you.
* * * LOW HITPOINT WARNING * * *
The black bear claws you.
* * * LOW HITPOINT WARNING * * *
The black bear bites you.
* * * LOW HITPOINT WARNING * * *
The black bear claws you.
* * * LOW HITPOINT WARNING * * *
The black bear claws you.
You die...

. #..# #.# #.# #..#
.#...####.###.# #..#
.#........##.# #..#
#.W#####..##.# #..# #
#............###..# #.
#.o#####...........
#.#..#..#####.####.##.##
#.....{)......# #.##.##
##..#.@#####.# #......
#.h#####.# #.##.##
..........# #.#....
...........## #......
###..#.#.###.######...#
#..#.#.# #..........#
#....#.# #.######....
##.###....#######....
#.... .........


You could see a black bear (berserk, extremely poisoned), a phantom and an orc
(very poisoned).

Vanquished Creatures
  Pikel (D:4)
  Sigmund (D:5)
  2 black bears
  An ice beast (D:5)
  An ogre (D:4)
  2 lemures (D:4)
  Blork the orc (D:4)
  A howler monkey (D:5)
  2 bombardier beetles
  An orc priest (D:4)
  A sleepcap (D:4)
  2 iguanas
  2 orc wizards
  6 gnolls (D:4)
  9 adders
  A ribbon worm (D:5)
  2 dart slugs
  14 orcs
  6 ball pythons
  8 endoplasms
  5 giant cockroaches
  7 goblins
  8 hobgoblins
  5 quokkas
  4 bats
  6 frilled lizards
  5 kobolds
  23 rats
127 creatures vanquished.

Notes
Turn   | Place    | Note
-------+----------+-------------------------------------------
     0 | D:1      | Heh the Coglin Alchemist began the quest for the Orb.
     0 | D:1      | Reached XP level 1. HP: 13/13 MP: 3/3
   179 | D:1      | Found Eculen's Magic Scroll Shop.
   273 | D:1      | Reached skill level 4 in Alchemy
   273 | D:1      | Reached XP level 2. HP: 19/19 MP: 0/4
   710 | D:1      | Reached XP level 3. HP: 23/24 MP: 5/5
   714 | D:1      | Learned a level 3 spell: Mephitic Cloud
  1103 | D:2      | Reached skill level 5 in Alchemy
  1522 | D:2      | Found an opulent altar of Gozag.
  1748 | D:3      | Reached XP level 4. HP: 25/30 MP: 0/6
  1866 | D:3      | Found a glowing silver altar of Zin.
  1897 | D:3      | Identified the +1 hand axe of the Unseen Realm {freeze,
                  | ^Drain rF+ rC+}
  2104 | D:3      | Reached skill level 6 in Alchemy
  2104 | D:3      | Reached XP level 5. HP: 6/35 MP: 5/7
  2270 | D:3      | Found a radiant altar of Vehumet.
  2312 | D:3      | Found a broken altar of Ashenzari.
  2627 | D:3      | Found an opulent altar of Gozag.
  2627 | D:3      | Found a hazy altar of Hepliaklqana.
  2796 | D:3      | Found a transporter.
  2799 | D:3      | Noticed sirdedalot's ghost (amateur DECj)
  2820 | D:3      | Found a transporter.
  2838 | D:3      | Noticed a +0 hand axe
  2839 | D:3      | Noticed a +0 dagger
  2841 | D:3      | Found a hide-covered altar of Uskayaw.
  2953 | D:3      | Noticed a black bear
  2973 | D:3      | Killed a black bear
  2974 | D:3      | Reached skill level 7 in Alchemy
  2974 | D:3      | Reached XP level 6. HP: 12/41 MP: 0/9
  3056 | D:3      | Learned a level 4 spell: Olgreb's Toxic Radiance
  3663 | D:4      | Identified the amulet of Maegh {Acrobat rCorr}
  3827 | D:4      | Noticed Pikel
  3846 | D:4      | Killed Pikel
  3847 | D:4      | Reached skill level 8 in Alchemy
  3847 | D:4      | Reached XP level 7. HP: 12/52 MP: 0/12
  3848 | D:4      | HP: 2/52 [something (4)]
  3865 | D:4      | Reached XP level 8. HP: 18/58 MP: 3/14
  3970 | D:4      | Noticed Blork the orc
  3981 | D:4      | Killed Blork the orc
  4187 | D:4      | Reached skill level 5 in Fighting
  4389 | D:4      | Learned a level 2 spell: Blink
  4790 | D:4      | Learned a level 4 spell: Sticky Flame
  4902 | D:5      | Entered Level 5 of the Dungeon
  4942 | D:5      | Noticed Sigmund
  4950 | D:5      | Killed Sigmund
  5016 | D:5      | Found a sacrificial altar of Ru.
  5269 | D:5      | HP: 3/67 [black bear (6)]
  5269 | D:5      | Slain by a black bear

Illustrated notes

Levels and vault maps discovered:
D:1:      heliophobic_arrival_battle_scene, layout_loops_ring, serial_shops,
          nicolae_shop_rolling_square
D:2:      layout_loops_ring, basic_altar
D:3:      layout_loops_corners, mainiacjoe_overflow_six_doors_small,
          gammafunk_temple_overflow_elements, nicolae_overflow_squiral,
          dancing_weapons_uskayaw, gammafunk_ghost_stat_death,
          ebering_dispersal_statue_hall, kennysheep_crisscross,
          chequers_serial_rivers_room_a, st_stairs_7, minmay_rat_hole
D:4:      nicolae_cairo_tiling_large_dashed, layout_basic, uniq_pikel,
          uniq_blork_the_orc
D:5:      layout_loops_ring, hangedman_feature_mirror, uniq_sigmund

Skill      XL: |  1  2  3  4  5  6  7  8 |
---------------+-------------------------+-----
Alchemy        | 4 5 6 7 8 |  8.0
Spellcasting   | 2 3 4 |  4.0
Fighting       | 3 7 |  7.2
Dodging        | |  1.7
Stealth        | |  1.5
Conjurations   | |  0.8

Action                     |  1- 3 |  4- 6 |  7- 9 || total
---------------------------+-------+-------+-------++-------
  Melee: Unarmed           |    68 |       |       ||    68
         Punch             |     2 |       |       ||     2
         Dagger            |    51 |    58 |    33 ||   142
         Short sword       |    51 |   137 |    13 ||   201
         Hand axe          |       |    86 |    46 ||   132
   Cast: Sting             |    30 |    16 |     2 ||    48
         Mephitic Cloud    |       |     6 |     4 ||    10
         Olgreb's Toxic Ra |       |     2 |    12 ||    14
         Sticky Flame      |       |       |     1 ||     1
  Evoke: Wand              |       |       |     2 ||     2
    Use: Potion            |       |     2 |     3 ||     5
         Scroll            |       |     1 |       ||     1
   Stab: Sleeping          |     2 |       |     1 ||     3
         Confused          |       |     7 |     1 ||     8
 Armour: Robe              |    77 |    93 |    62 ||   232
         Skin              |       |     1 |       ||     1
  Dodge: Dodged            |    80 |    98 |    32 ||   210

Table legend: (Time is in decaauts)
 A = Elapsed time spent in this place.
 B = Non-inter-level travel time spent in this place.
 C = Inter-level travel time spent in this place.
 D = Time resting spent in this place.
 E = Time spent auto-exploring this place.
 F = Levels seen in this place.
 G = Mean time per level.
                   A        B        C        D        E       F      G
               +--------+--------+--------+--------+--------+-----+--------+
         Total |   5289 |   5161 |    128 |    116 |   4045 |   5 | 1057.8 |
       Dungeon |   5289 |   5161 |    128 |    116 |   4045 |   5 | 1057.8 |
               +--------+--------+--------+--------+--------+-----+--------+

Top non-repeatable levels by time:
     D:3: 1723 daAuts
     D:4: 1462 daAuts
     D:1: 943 daAuts
     D:2: 788 daAuts
     D:5: 370 daAuts
